 Dungeon Crawl Stone Soup version 0.30-a0-364-gf6b3ef1049 (webtiles) character file.

Game seed: 4040293203956812443

214 pokeman the Magician (level 5, -3/29 HPs)
             Began as a Deep Elf Hedge Wizard on Nov 14, 2022.
             Killed by divine providence
             ... invoked by an orc priest
              (13 damage)
             ... on level 3 of the Dungeon.
             The game lasted 00:05:15 (2943 turns).

pokeman the Magician (Deep Elf Hedge Wizard)        Turns: 2943, Time: 00:05:16

Health: -3/29      AC:  5    Str:  7    XL:     5   Next: 59%
Magic:  5/15       EV: 12    Int: 21    God:
Gold:   112        SH:  0    Dex: 14    Spells: 8/16 levels left

rFire   . . .      SeeInvis .    i - +2 dagger (drain)
rCold   . . .      Faith    .    (no shield)
rNeg    . . .      Spirit   .    y - +0 leather armour
rPois   .          Reflect  .    c - +0 hat
rElec   .          Harm     .    p - +1 cloak
rCorr   .          Rampage  .    (no gloves)
Will    .....                    (no boots)
Stlth   ++........               (no amulet)
HPRegen 0.24/turn                (no ring)
MPRegen 0.14/turn                (no ring)

@: very slightly contaminated
A: no striking features
a: no special abilities


You were on level 3 of the Dungeon.
You visited 1 branch of the dungeon, and saw 3 of its levels.

You collected 112 gold pieces.

Inventory:

Hand Weapons
 i - a +2 dagger of draining (weapon)
Armour
 c - a +0 hat (worn)
 p - a +1 cloak (worn)
 y - a +0 leather armour (worn)
Magical Staves
 s - a staff of death
 u - a staff of conjuration
Jewellery
 v - a ring of ice
Scrolls
 a - a scroll of noise {unknown}
 e - 3 scrolls of identify {unknown}
 f - 2 scrolls of teleportation {unknown}
 h - a scroll of magic mapping {unknown}
 k - a scroll of enchant weapon {unknown}
 q - a scroll of enchant armour {unknown}
 t - a scroll of vulnerability {unknown}
 w - a scroll of fear {unknown}
 x - a scroll of blinking {unknown}
Potions
 b - a potion of curing {unknown}
 d - a potion of magic
 g - a potion of might {unknown}
 j - 3 potions of lignification {unknown}
 l - a potion of invisibility {unknown}
 m - a potion of degeneration {unknown}
 n - a potion of cancellation {unknown}
 o - 2 potions of brilliance {unknown}
 r - a potion of mutation {unknown}


   Skills:
 - Level 1.0 Fighting
 - Level 1.0 Armour
 - Level 3.0 Dodging
 - Level 3.0 Stealth
 * Level 6.4 Spellcasting
 + Level 2.8 Conjurations
 - Level 1.1 Summonings
 - Level 1.0 Necromancy
 - Level 1.1 Translocations
 + Level 0.7 Air Magic
 + Level 0.0 Poison Magic


You had 8 spell levels left.
You knew the following spells:

 Your Spells              Type           Power      Damage    Failure   Level
a - Magic Dart            Conj           72%        1d6       4%          1
b - Mephitic Cloud        Conj/Pois/Air  11%        N/A       26%         3
c - Call Imp              Summ           11%        N/A       13%         2
d - Blink                 Tloc           22%        N/A       13%         2

Your spell library contained the following spells:

 Spells                   Type           Power      Damage    Failure   Level
 Momentum Strike          Conj/Tloc      30%        3d8       9%          2
 Slow                     Hex            24%        N/A       14%         1
 Cigotuvi's Dreadful Rot  Necr/Pois/Air  18%        N/A       16%         2
 Dazzling Flash           Conj/Hex       24%        N/A       22%         3
 Lesser Beckoning         Tloc           22%        N/A       26%         3
 Agony                    Necr           11%        N/A       94%         5
 Silence                  Hex/Air        4%         N/A       97%         5


Dungeon Overview and Level Annotations

Branches:
Dungeon (3/15)

Altars:

Annotations:
D:3 Grinder


Message History

Casting: Magic Dart (safe; 4% risk of failure)
Confirm with . or Enter, or press ? or * to list all spells.
Aiming: Magic Dart (safe; 4% risk of failure)
Press: ? - help, Shift-Dir - straight line, f/p - Grinder
Aim: Grinder, carrying a wand of flame (22) (moderately wounded, 100% to hit)
The magic dart hits Grinder but does no damage.
Grinder is moderately wounded.
Grinder says, "I used to sell toenails on the black market."
Grinder zaps a wand.
The puff of flame misses you.
You aren't carrying any items that you can evoke.
Unknown command.
Casting: Magic Dart (safe; 4% risk of failure)
Confirm with . or Enter, or press ? or * to list all spells.
Aiming: Magic Dart (safe; 4% risk of failure)
Press: ? - help, Shift-Dir - straight line, f/p - Grinder
Aim: Grinder, carrying a wand of flame (21) (moderately wounded, 100% to hit)
The magic dart hits Grinder but does no damage.
Grinder is moderately wounded.
The orc priest looks satisfied for a moment.
Grinder zaps a wand.
The puff of flame hits you!
Casting: Magic Dart (safe; 4% risk of failure)
Confirm with . or Enter, or press ? or * to list all spells.
Aiming: Magic Dart (safe; 4% risk of failure)
Press: ? - help, Shift-Dir - straight line, f/p - Grinder
Aim: Grinder, carrying a wand of flame (20) (moderately wounded, 100% to hit)
The magic dart hits Grinder.
Grinder is moderately wounded.
Unknown command.
Casting: Magic Dart (safe; 4% risk of failure)
Confirm with . or Enter, or press ? or * to list all spells.
Aiming: Magic Dart (safe; 4% risk of failure)
Press: ? - help, Shift-Dir - straight line, f/p - Grinder
Aim: Grinder, carrying a wand of flame (20) (moderately wounded, 100% to hit)
You miscast Magic Dart.
You are very lightly contaminated with residual magic.
Nothing appears to happen.
Unknown command.
The orc priest calls down the wrath of Beogh upon you.
Beogh smites you!
You die...

.oo.......#
######..#
#o....#
#.<......
#.<.#
#.####..)
##.## #o# #..#
#.# #.# #..#
..# #.# #..#
### # #.# #..#
#.##########.#
#...
#..@...5.o...#
#.##
##############


You could see Grinder and an orc priest.

Vanquished Creatures
  A scorpion (D:3)
  An orc priest (D:3)
  Ijyb (D:3)
  An orc wizard (D:3)
  2 adders (D:2)
  A dart slug (D:3)
  3 orcs (D:3)
  7 ball pythons (D:1)
  6 endoplasms
  2 giant cockroaches (D:1)
  8 goblins
  3 hobgoblins
  2 quokkas
  6 bats
  A frilled lizard (D:2)
  2 kobolds (D:1)
  6 rats
53 creatures vanquished.

Vanquished Creatures (collateral kills)
  2 orcs (D:3)
2 creatures vanquished.

Grand Total: 55 creatures vanquished

Notes
Turn   | Place    | Note
-------+----------+-------------------------------------------
     0 | D:1      | pokeman the Deep Elf Hedge Wizard began the quest for the
                  | Orb.
     0 | D:1      | Reached XP level 1. HP: 10/10 MP: 7/7
   265 | D:1      | Reached XP level 2. HP: 15/15 MP: 1/9
   956 | D:1      | Reached skill level 5 in Spellcasting
  1164 | D:1      | Found a faded altar of an unknown god.
  1312 | D:2      | Reached XP level 3. HP: 20/20 MP: 7/11
  1316 | D:2      | Learned a level 3 spell: Mephitic Cloud
  1319 | D:2      | Learned a level 2 spell: Call Imp
  1322 | D:2      | Learned a level 2 spell: Blink
  2189 | D:3      | Noticed Grinder
  2253 | D:3      | HP: 1/20 [orc priest/divine providence (10)]
  2336 | D:3      | Reached skill level 1 in Fighting
  2367 | D:3      | Reached skill level 1 in Armour
  2517 | D:3      | Noticed a scorpion
  2531 | D:3      | Killed a scorpion
  2532 | D:3      | Reached XP level 4. HP: 24/25 MP: 7/13
  2650 | D:3      | Reached skill level 6 in Spellcasting
  2695 | D:3      | Reached XP level 5. HP: 29/29 MP: 6/15
  2765 | D:3      | Noticed Ijyb
  2777 | D:3      | Killed Ijyb
  2810 | D:3      | Reached skill level 1 in Necromancy
  2935 | D:3      | Paralysed by Grinder for 2 turns
  2943 | D:3      | Killed from afar by an orc priest

Illustrated notes

Levels and vault maps discovered:
D:1:      nicolae_arrival_memento_mori, layout_basic,
          nicolae_ecumenical_snake_handling
D:2:      layout_loops_ring, minmay_misc_feat_rugged
D:3:      layout_loops_ring, st_stairs_11, uniq_jessica, uniq_ijyb,
          uniq_sigmund, uniq_grinder

Skill      XL: |  1  2  3  4  5 |
---------------+----------------+-----
Spellcasting   | 5 6 |  6.4
Conjurations   | 2 |  2.8
Fighting       | 1 |  1.0
Armour         | 1 |  1.0
Dodging        | 3 |  3.0
Stealth        | 3 |  3.0
Necromancy     | 1 |  1.0
Summonings     | |  1.1
Translocations | |  1.1
Air Magic      | |  0.7

Action                   |  1- 3 |  4- 6 || total
-------------------------+-------+-------++-------
Melee: Dagger            |     8 |    14 ||    22
       Punch             |     1 |       ||     1
 Cast: Magic Dart        |   103 |    22 ||   125
       Mephitic Cloud    |     1 |     3 ||     4
       Call Imp          |       |     3 ||     3
 Stab: Confused          |       |     3 ||     3
Armor: Robe              |     3 |       ||     3
       Leather armour    |     4 |     2 ||     6
Dodge: Dodged            |    23 |     9 ||    32

Table legend: (Time is in decaauts)
 A = Elapsed time spent in this place.
 B = Non-inter-level travel time spent in this place.
 C = Inter-level travel time spent in this place.
 D = Time resting spent in this place.
 E = Time spent auto-exploring this place.
 F = Levels seen in this place.
 G = Mean time per level.
                   A        B        C        D        E       F      G
               +--------+--------+--------+--------+--------+-----+--------+
         Total |   2943 |   2903 |     40 |    208 |   2268 |   3 |  981.0 |
       Dungeon |   2943 |   2903 |     40 |    208 |   2268 |   3 |  981.0 |
               +--------+--------+--------+--------+--------+-----+--------+

Top non-repeatable levels by time:
     D:1: 1268 daAuts
     D:2: 1131 daAuts
     D:3: 543 daAuts
